AoeStats
← AxingQuestions

Nomad

509226356Analyzed
4v4 RM · 5d ago on Sep 26, 2026· 40m 39s· 8 players
Game mode
Random Map
Map size
231×231
Population
200
Speed
Normal
Resources
Standard
Victory
Conquest
Starting age
Dark Age
Ending age
Imperial Age
RankedLock teamsTeams togetherTeam positionsShared explorationLock speedFull tech treeHidden civsTurbo modeCheats
Victory
Defeat
🇵🇾 Berbers · Paraguay
1379
+9
🇵🇾 Italians · Paraguay
1323
+11
1223
+15
🇵🇾 Danes · Paraguay
1026
+23
🇯🇴 Poles · Jordan
1221
-15
🇺🇸 Vikings · United States
1209
-15
🇧🇷 Koreans · Brazil
1202
-14
🇯🇴 Spanish · Jordan
1192
-14
AxingQuestions
5:28 Loom
13:56 Feudal Age
15:50 Town Watch
20:04 Castle Age
18:15 Horse Collar
19:06 Double-Bit Axe
24:20 Scale Barding Armor
26:01 Gold Mining
26:25 Bow Saw
28:46 Forging
29:37 Chain Barding Armor
30:53 Heavy Plow
31:05 Stone Mining
31:49 Fletching
38:21 Imperial Age
36:00 Bodkin Arrow
36:07 Murder Holes
35:53 Treadmill Crane
38:06 Masonry
38:27 Onager
40:09 Architecture
40:22 Conscription
41:18 Hoardings
Wiki
3:35 Loom
15:07 Feudal Age
18:59 Castle Age
17:16 Double-Bit Axe
17:38 Horse Collar
32:02 Bow Saw
36:51 Heavy Plow
36:45 Gold Mining
37:58 Stone Mining
MadCOW
3:54 Loom
14:39 Feudal Age
15:39 Horse Collar
16:55 Double-Bit Axe
25:26 Castle Age
24:18 Fletching
25:08 Gold Mining
26:25 Bodkin Arrow
26:56 Scale Barding Armor
27:14 Bloodlines
29:36 Scale Mail Armor
29:47 Forging
30:04 Heavy Plow
30:17 Bow Saw
31:30 Chain Mail Armor
31:11 Stone Mining
32:11 Squires
33:58 Iron Casting
35:03 Town Watch
39:33 Arson
40:43 Wheelbarrow
.demiøn
5:34 Loom
13:43 Feudal Age
18:15 Castle Age
16:11 Fishing Lines
17:53 Double-Bit Axe
17:59 Gold Mining
19:23 Medium Warships
20:48 Bow Saw
23:25 Fletching
27:26 Horse Collar
29:17 Eupseong
32:39 Ballistics
33:58 Masonry
33:11 Elite Skirmisher
Moketero
16:56 Feudal Age
16:40 Loom
17:30 Double-Bit Axe
17:34 Fishing Lines
21:40 Gold Mining
24:20 Castle Age
24:46 Fletching
25:34 Bow Saw
26:52 Gillnets
27:12 Stone Mining
28:58 Ballistics
30:20 Clinker Construction
31:30 Murder Holes
33:26 Bodkin Arrow
34:12 Wheelbarrow
34:53 Masonry
34:56 Forging
35:08 Scale Mail Armor
37:55 Iron Casting
39:03 Chain Mail Armor
39:46 Gold Shaft Mining
40:35 Hand Cart
GAMARÚS de CAGABANDÚRRIES
5:24 Loom
13:25 Feudal Age
14:52 Double-Bit Axe
17:29 Stone Mining
19:41 Castle Age
19:02 Padded Archer Armor
19:04 Gold Mining
19:27 Fishing Lines
21:36 Fletching
22:02 Leather Archer Armor
22:17 Bodkin Arrow
24:37 Town Watch
26:50 Gillnets
29:39 Bow Saw
31:06 Red Cliffs Tactics
31:58 Ballistics
32:55 Wheelbarrow
32:54 Murder Holes
34:08 Hand Cart
Garcheke514_
9:27 Loom
11:55 Feudal Age
12:39 Double-Bit Axe
15:16 Town Watch
16:44 Horse Collar
20:23 Castle Age
20:24 Fletching
22:01 Medium Warships
22:23 Bow Saw
22:35 Crossbowman
23:45 Bodkin Arrow
24:27 Wheelbarrow
26:29 Padded Archer Armor
27:20 Fishing Lines
34:14 Leather Archer Armor
37:43 Imperial Age
35:34 Thumb Ring
37:34 Gillnets
38:03 Heavy Plow
37:48 Arbalester
39:26 Bracer
40:29 Chemistry
40:17 Ballistics
DonNarko
3:21 Loom
4:45 Loom
13:54 Feudal Age
18:41 Castle Age
18:02 Forging
18:35 Scale Barding Armor
21:58 Chain Barding Armor
21:47 Fletching
23:17 Wheelbarrow
23:09 Town Watch
24:14 Double-Bit Axe
24:10 Horse Collar
26:13 Bodkin Arrow
29:33 Guard Tower
31:35 Bow Saw
31:15 Fishing Lines
33:58 Ballistics
33:52 Masonry
36:51 Hand Cart
38:49 Gillnets
43:42 Imperial Age
Connection lost

Rejoining the realm…

Still unreachable

The connection could not be restored.

Session expired

The server has moved on; the page needs a fresh start.